 Dungeon Crawl Stone Soup version 0.31-a0-431-g88bdf31460 (webtiles) character file.

Game seed: 12545083393916725806

9 holysushi the Cutter (level 2, 24/24 HPs)
             Began as a Demonspawn Monk on July 31, 2023.
             Quit the game on level 1 of the Dungeon.
             The game lasted 00:00:36 (384 turns).

holysushi the Cutter (Demonspawn Monk)               Turns: 384, Time: 00:00:37

Health: 24/24      AC:  2    Str: 11    XL:     2   Next: 3%
Magic:  2/2        EV: 12    Int: 11    God:
Gold:   17         SH:  0    Dex: 15    Spells: 1/1 levels left

rFire   . . .        a - +0 short sword
rCold   . . .        (no shield)
rNeg    . . .        b - +0 robe
rPois   .            (no helmet)
rElec   .            (no cloak)
rCorr   .            (no gloves)
SInv    .            (no boots)
Will    .....        (no amulet)
Stlth   +            (no ring)
HPRegen 0.24/turn    (no ring)
MPRegen 0.08/turn

%: no passive effects
@: no status effects
A: spiny 1
a: no special abilities


You were on level 1 of the Dungeon.
You visited 1 branch of the dungeon, and saw 1 of its levels.

You collected 17 gold pieces.

Inventory:

Hand Weapons
 a - a +0 short sword (weapon)
Missiles
 d - a throwing net
Armour
 b - a +0 robe (worn)
Potions
 c - a potion of ambrosia


   Skills:
 - Level 3.0 Fighting
 + Level 3.2 Short Blades
 - Level 2.6 Dodging


You had one spell level left.
You didn't know any spells.
Your spell library was empty.

Dungeon Overview and Level Annotations

Branches:
Dungeon (1/15) Zot: 5617

Altars:

Shops:
D:1 (*?


Innate Abilities, Weirdness & Mutations

You are partially covered in sharp spines.


Message History

There is an open door here.
A goblin comes into view. It is wielding a +0 dagger.
Found a ring mail.
Found a throwing net.
A goblin is nearby!
The goblin shouts!
The goblin hits you with a +0 dagger.
A goblin is nearby!
A goblin is nearby!
You hit the goblin.
You kill the goblin!
No target in view!
Things that are here:
a +0 dagger; a goblin corpse
d - a throwing net You see here a +0 ring mail.
You open the door.
Found Lism's General Store.
No target in view!
A hobgoblin comes into view.
There is an open door here.
The hobgoblin shouts!
A hobgoblin is nearby!
A hobgoblin is nearby!
A hobgoblin is nearby!
You hit the hobgoblin.
The hobgoblin is severely wounded.
The hobgoblin completely misses you. The hobgoblin closely misses you.
You hit the hobgoblin.
You kill the hobgoblin!
You have reached level 2!
Your demonic ancestry asserts itself...
Sharp spines emerge from parts of your body.
You open the door.
There is an open translucent door here.
There is an entrance to Lism's General Store here.
You can access your shopping list by pressing '$'.
There is an open translucent door here.
Are you sure you want to abandon this character and quit the game? (Confirm with "yes".)

.#.##.# ############ .#.##.#
#..........####
.#.##.###.............#
....[...'.............+
.).##...#....###......#
.#....#.#....#∩##.....##
.#....#.#.†..#'##.......
.......................#
........#.......@......#
........#.######.......#
............ .........
........#.# ##.......#
#.........######.......#
#......................#
.....)..#####..........##########
....................)............
........#####....#####...........


There were no monsters in sight!

Vanquished Creatures
  A dart slug (D:1)
  2 hobgoblins (D:1)
  A kobold (D:1)
  A ball python (D:1)
  A goblin (D:1)
  A rat (D:1)
7 creatures vanquished.

Notes
Turn   | Place    | Note
-------+----------+-------------------------------------------
     0 | D:1      | holysushi the Demonspawn Monk began the quest for the Orb.
     0 | D:1      | Reached XP level 1. HP: 18/18 MP: 1/1
   181 | D:1      | Found Cuvol's Weapon Boutique.
   210 | D:1      | Found Ischu's Magic Scroll Boutique.
   366 | D:1      | Found Lism's General Store.
   373 | D:1      | Gained mutation: You are partially covered in sharp spines.
                  | [demonic ancestry]
   373 | D:1      | Reached XP level 2. HP: 24/24 MP: 2/2
   384 | D:1      | Quit the game

Illustrated notes

Levels and vault maps discovered:
D:1:      dpeg_arrival_castle, layout_basic, serial_shops,
          nicolae_shop_gibbet_a_chance, shop, nicolae_shop_back_alley_shop,
          shop, nicolae_shop_tiny_glass

Skill      XL: |  1 |
---------------+----+-----
Short Blades   | 3 |  3.2
Fighting       | |  3.0
Dodging        | |  2.6

Action                     || total
---------------------------++-------
  Melee: Short sword       ||    19
   Stab: Sleeping          ||     2
 Armour: Robe              ||     3
  Dodge: Dodged            ||     7

Table legend: (Time is in decaauts)
 A = Elapsed time spent in this place.
 B = Non-inter-level travel time spent in this place.
 C = Inter-level travel time spent in this place.
 D = Time resting spent in this place.
 E = Time spent auto-exploring this place.
 F = Levels seen in this place.
 G = Mean time per level.
                   A        B        C        D        E       F      G
               +--------+--------+--------+--------+--------+-----+--------+
         Total |    383 |    383 |      0 |      0 |    305 |   1 |  383.0 |
       Dungeon |    383 |    383 |      0 |      0 |    305 |   1 |  383.0 |
               +--------+--------+--------+--------+--------+-----+--------+

Top non-repeatable levels by time:
     D:1: 383 daAuts
